 Dungeon Crawl Stone Soup version 0.27-a0-1416-g941b2bd30b (webtiles) character file.

Game seed: 2264057667296284489

14 Duin the Skirmisher (level 2, -3/27 HPs)
             Began as a Hill Orc Fighter on July 1, 2021.
             Slain by an ogre (9 damage)
             ... on level 2 of the Dungeon.
             The game lasted 00:03:50 (326 turns).

Duin the Skirmisher (Hill Orc Fighter)               Turns: 326, Time: 00:03:51

Health: -3/27      AC:  6    Str: 18    XL:     2   Next: 45%
Magic:  2/2        EV:  7    Int:  8    God:
Gold:   24         SH:  9    Dex: 10    Spells: 1/1 levels left

rFire    + . .     SeeInvis .   a - +0 war axe
rCold    . . .     Faith    .   c - +0 kite shield
rNeg     . . .     Spirit   .   b - +0 scale mail
rPois    .         Reflect  .   (no helmet)
rElec    .         Harm     .   (no cloak)
rCorr    .         Rampage  .   (no gloves)
Will     .....                  (no boots)
Stlth    ..........             (no amulet)
HPRegen  0.09/turn              g - ring of protection from fire
MPRegen  0.08/turn              (no ring)

@: no status effects
A: no striking features
a: no special abilities


You were on level 2 of the Dungeon.
You visited 1 branch of the dungeon, and saw 3 of its levels.

You collected 24 gold pieces.

Inventory:

Hand Weapons
 a - a +0 war axe (weapon)
Armour
 b - a +0 scale mail (worn)
 c - a +0 kite shield (worn)
 f - a +0 ring mail
Jewellery
 g - a ring of protection from fire (left hand)
Scrolls
 e - a scroll of torment {unknown}
Potions
 d - a potion of might


   Skills:
 + Level 3.9 Fighting
 + Level 3.0 Axes
 + Level 3.5 Armour
 + Level 3.5 Shields


You had one spell level left.
You didn't know any spells.
Your spell library was empty.

Dungeon Overview and Level Annotations

Branches:
Dungeon (3/15)

Altars:


Message History

You climb downwards.
There is a stone staircase leading up here.
You block the adder's attack.
You climb upwards.
There is a stone staircase leading down here.
You closely miss the adder.
The adder is moderately wounded.
The adder barely misses you. You block the adder's attack.
You hit the adder.
The adder is moderately wounded.
You block the adder's attack. x2; The adder barely misses you.
You hit the adder but do no damage.
The adder is moderately wounded.
The adder bites you but does no damage. The adder closely misses you.
You slash the adder!
You kill the adder!
Your Axes skill increases to level 3!
You have reached level 2!
g - a ring of protection from fire
There are no items here.
You now have 24 gold pieces (gained 13).
Okay, then.
Okay, then.
g - a ring of protection from fire (left hand)
You start resting.
HP restored.
There is a stone staircase leading down here.
An ogre comes into view. It is wielding a +0 giant club.
The ogre shouts!
The ogre hits you with a +0 giant club!!
Ouch! That really hurt!
You slash the ogre!
The ogre is heavily wounded.
The ogre hits you with a +0 giant club.
* * * LOW HITPOINT WARNING * * *
The ogre barely misses you.
There is an open door here.
There is a stone staircase leading down here.
The ogre hits you with a +0 giant club!
You die...

### #.....# #..
#.....####.#
#######.....#.##.##
#.....#.....#......
######.# #.#.....#......
###......###.#............
#........#.........#.(....
#.......>@................
#.....##O#........##....#.
#.....##.'................
#.....####................
#....## ##...............
#....######........8.8...^
#.........#.......8.8.8...
#.........#........8_8....
#.................8.8.8...


You could see an ogre.

Vanquished Creatures
  An adder (D:2)
  A worm (D:2)
  A giant cockroach (D:2)
  A rat (D:2)
4 creatures vanquished.

Notes
Turn   | Place    | Note
-------+----------+-------------------------------------------
     0 | D:1      | Duin the Hill Orc Fighter began the quest for the Orb.
     0 | D:1      | Reached XP level 1. HP: 19/19 MP: 1/1
    41 | D:2      | Found a faded altar of an unknown god.
   120 | D:2      | Reached XP level 2. HP: 15/27 MP: 2/2
   293 | D:2      | Noticed an ogre
   326 | D:2      | Slain by an ogre

Illustrated notes

Levels and vault maps discovered:
D:1:      eino_arrival_cavern_a, layout_basic
D:2:      layout_basic, chequers_ecumenical_altar_simple_redux,
          corexii_item_surrounded_by_moat
D:3:      layout_loops_ring, old_standard_altar, lemuel_doored_altar,
          serial_shops, shop

Skill      XL: |  1 |
---------------+----+-----
Axes           | 3 |  3.0
Fighting       | |  3.9
Armour         | |  3.5
Shields        | |  3.5

Action                   || total
-------------------------++-------
Melee: War axe           ||    20
Armor: Scale mail        ||     8
Dodge: Dodged            ||    11
Block: Kite shield       ||    16

Table legend: (Time is in decaauts)
 A = Elapsed time spent in this place.
 B = Non-inter-level travel time spent in this place.
 C = Inter-level travel time spent in this place.
 D = Time resting spent in this place.
 E = Time spent auto-exploring this place.
 F = Levels seen in this place.
 G = Mean time per level.
                   A        B        C        D        E       F      G
               +--------+--------+--------+--------+--------+-----+--------+
         Total |    337 |    337 |      0 |    110 |     58 |   3 |  112.3 |
       Dungeon |    337 |    337 |      0 |    110 |     58 |   3 |  112.3 |
               +--------+--------+--------+--------+--------+-----+--------+

Top non-repeatable levels by time:
     D:2: 304 daAuts
     D:1: 31 daAuts
     D:3: 1 daAuts
